 Dungeon Crawl Stone Soup version 0.27.0-1-g7a089689b8 (webtiles) character file.

Game seed: 407165751750032717

2902 Spaninq the Cleaver (level 10, -4/79 HPs)
             Began as a Formicid Abyssal Knight on Aug 3, 2021.
             Was an Elder of Lugonu.
             Slain by a gnoll (10 damage)
             ... in a bailey.
             The game lasted 00:23:35 (10183 turns).

Spaninq the Cleaver (Formicid Abyssal Knight)      Turns: 10183, Time: 00:23:35

Health: -4/79      AC: 26    Str: 22    XL:     10   Next: 6%
Magic:  6/13       EV:  9    Int: 13    God:    Lugonu [****..]
Gold:   357        SH:  0    Dex: 10    Spells: 9/9 levels left

rFire    . . .     SeeInvis +   x - +2 war axe (venom)
rCold    . . .     Faith    .   (no shield)
rNeg     . . .     Spirit   .   u - +2 chain mail {Will+}
rPois    .         Reflect  .   (helmet unavailable)
rElec    .         Harm     .   w - +0 cloak
rCorr    .         Rampage  .   o - +2 pair of gloves {Str+3}
Will     ++...                  t - +0 pair of boots
Stlth    ..........             (no amulet)
HPRegen  0.23/turn              c - +4 ring of protection
MPRegen  0.13/turn              q - +4 ring of protection

@: no status effects
A: permanent stasis, dig shafts and tunnels, antennae 3, four strong arms
a: Dig, Renounce Religion, Depart the Abyss, Bend Space, Banish, Corrupt


You were in a bailey.
You worshipped Lugonu.
Lugonu was greatly pleased with you.
You visited 2 branches of the dungeon, and saw 8 of its levels.
You visited the Abyss 1 time.
You also visited: Ossuary and Bailey.

You collected 357 gold pieces.

Inventory:

Hand Weapons
 a - a +2 hand axe of flaming
 x - a +2 war axe of venom (weapon)
Armour
 o - a +2 pair of gloves of strength (worn)
 t - a +0 pair of boots (worn)
 u - a +2 chain mail of willpower (worn)
 w - a +0 cloak (worn)
Jewellery
 c - a +4 ring of protection (left hand)
 q - a +4 ring of protection (right hand)
Wands
 h - a wand of digging (4)
 i - a wand of paralysis (5)
 l - a wand of iceblast (9)
 p - a wand of mindburst (12)
Scrolls
 f - a scroll of brand weapon
 g - a scroll of enchant weapon
 s - a scroll of holy word
Potions
 b - 2 potions of curing
 d - a potion of invisibility
 e - 3 potions of mutation
 j - a potion of cancellation {unknown}
 k - a potion of ambrosia {unknown}
 m - 2 potions of resistance
 n - 2 potions of heal wounds {unknown}
 r - a potion of flight {unknown}
 v - a potion of magic {unknown}
 z - a potion of lignification {unknown}
 A - a potion of brilliance {unknown}


   Skills:
 + Level 7.2 Fighting
 * Level 8.5 Axes
 + Level 6.2 Armour
 + Level 4.9 Dodging
 + Level 4.6 Invocations


You had 9 spell levels left.
You didn't know any spells.
Your spell library contained the following spells:

 Spells                   Type           Power      Damage    Failure   Level
 Corpse Rot               Necr/Air       N/A        N/A       98%         2
 Dispel Undead            Necr           0%         3d6       100%        4
 Manifold Assault         Tloc           0%         N/A       100%        5
 Death Channel            Necr           0%         N/A       100%        6
 Storm Form               Tmut/Air       0%         N/A       100%        7
 Blink                    Tloc           Unusable   N/A       N/A         2

Dungeon Overview and Level Annotations

Branches:
Dungeon (7/15)             Temple (1/1) D:5         Ossuary (visited)
 Bailey (1/1)

Altars:
Ashenzari
Cheibriados
Dithmenos
Elyvilon
Fedhas
Gozag
Hepliaklqana
Kikubaaqudgha
Makhleb
Qazlal
Ru
Sif Muna
Trog
Uskayaw
Wu Jian
Xom
Yredelemnul
Zin
The Shining One

Shops:
D:4 *

Annotations:
D:6 1 runed translucent door, Moox's ghost, novice NaWn


Innate Abilities, Weirdness & Mutations

You cannot be hasted, slowed, berserked, paralysed or teleported.
You can dig through walls and to a lower floor.
You have a pair of large antennae on your head. (SInv)
Your four strong arms can wield two-handed weapons with a shield.


Message History

You are electrocuted!
The gnoll hits you from afar with a +2 halberd of electrocution!
You are electrocuted!
* * * LOW HITPOINT WARNING * * *
A gnoll comes into view.
It is wielding a +1 halberd of electrocution.
Things that are here:
12 boomerangs; a kobold corpse; a hobgoblin corpse
There is an open door here.
Things that are here:
3 boomerangs; a +0 halberd; a gnoll corpse
There is an open door here.
There is a fountain of clear blue water here.
There is an open door, spattered with blood here.
Things that are here:
6 boomerangs; a +0 halberd The gnoll closely misses you.
Things that are here:
7 boomerangs; a kobold corpse
There is an open door, spattered with blood here.
Items here: ( ) ††.
Things that are here:
a +0 halberd of electrocution; a gnoll corpse
There is an open door here.
Okay, then.
Okay, then.
Press: ? - help, Shift-Dir - straight line, f - gnoll
Aim: a gnoll, wielding a +1 halberd of electrocution (chance to affect: 88%)
The gnoll barely resists.
Press: ? - help, Shift-Dir - straight line, f/p - gnoll
Aim: a gnoll, wielding a +1 halberd of electrocution (chance to affect: 88%)
The gnoll is devoured by a tear in reality.
Lugonu claims a new guest.
The gnoll barely misses you.
You see here 3 boomerangs.
The gnoll hits you with a +2 halberd of electrocution.
* * * LOW HITPOINT WARNING * * *
You are electrocuted!
* * * LOW HITPOINT WARNING * * *
The gnoll hits you but does no damage.
You are electrocuted!
You die...

#{K K.# ##{# #'# #'
#(# #.#.# #'# ###
#### ### ## #(###.#
#.#)###.# #.#
##'##'##'###'##'##'#
##K....# ##.....#
###.g...#####.....###
#.'..⌠..'.#.'..g@('.#
###...{.#####.§g(.###
#....{## ##K..(.##
#'##'##{###'##'##'##
#.# #.###(()###.###∩#
## ### ##### ### ###


You could see 2 gnolls and a kobold.

Vanquished Creatures
  Maggie (D:6)
  Grinder (D:4)
  Eustachio (D:6)
  Duvessa (D:6)
  A sky beast (D:6)
  3 orc warriors
  A hornet zombie (D:6)
  An ice beast (D:5)
  An ogre (D:6)
  A centaur (D:6)
  2 bullfrogs (D:6)
  A scorpion (D:5)
  2 water moccasin zombies
  Dowan (D:6)
  A wyvern zombie (D:6)
  3 wights (D:7)
  3 centaur zombies
  Crazy Yiuf (D:5)
  4 orc priests (D:6)
  A jelly (D:4)
  2 iguanas
  3 orc wizards
  3 ogre zombies (Ossuary)
  7 mummies (Ossuary)
  A howler monkey zombie (D:5)
  9 adders
  9 gnolls
  A howler monkey skeleton (D:6)
  A shadow imp (D:6)
  4 adder zombies (Ossuary)
  5 worms
  2 dart slugs
  19 orcs
  6 ball pythons
  9 endoplasms
  A giant cockroach (D:1)
  2 gnoll zombies (Ossuary)
  9 goblins
  10 hobgoblins
  6 jackals
  6 quokkas
  3 bats
  3 goblin zombies (Ossuary)
  4 hobgoblin zombies (Ossuary)
  14 kobolds
  2 kobold zombies (Ossuary)
  3 quokka zombies (Ossuary)
  A rat (D:3)
  7 rat zombies (Ossuary)
183 creatures vanquished.

Vanquished Creatures (others)
  5 plants (D:4)
5 creatures vanquished.

Grand Total: 188 creatures vanquished

Notes
Turn   | Place    | Note
-------+----------+-------------------------------------------
     0 | Abyss:1  | Spaninq the Formicid Abyssal Knight began the quest for the
                  | Orb.
     0 | Abyss:1  | Reached XP level 1. HP: 18/18 MP: 2/2
    35 | D:1      | Escaped the Abyss
   127 | D:1      | Reached XP level 2. HP: 22/24 MP: 3/3
  1298 | D:1      | Reached XP level 3. HP: 29/29 MP: 4/4
  1660 | D:2      | Reached skill level 3 in Axes
  1698 | D:2      | Found a faded altar of an unknown god.
  1903 | D:2      | You fall into a shaft and drop 1 floor!
  2353 | D:2      | Reached ** piety under Lugonu
  2354 | D:2      | Reached XP level 4. HP: 27/37 MP: 5/5
  2806 | D:3      | Reached skill level 1 in Dodging
  3770 | D:4      | Found Tautiuco's General Store.
  3819 | D:4      | Reached XP level 5. HP: 23/42 MP: 6/6
  4031 | D:4      | Reached skill level 4 in Axes
  4280 | D:4      | Noticed Grinder
  4416 | D:4      | Noticed an ogre
  4927 | D:4      | Reached XP level 6. HP: 38/49 MP: 7/7
  5279 | D:5      | Entered Level 5 of the Dungeon
  5467 | D:5      | Found an opulent altar of Gozag.
  5481 | D:5      | Found a sand-covered staircase.
  5490 | Ossuary  | Entered an ossuary
  5710 | Ossuary  | Reached *** piety under Lugonu
  5926 | Ossuary  | Reached XP level 7. HP: 53/55 MP: 8/8
  5989 | Ossuary  | Reached skill level 5 in Axes
  6071 | Ossuary  | Reached skill level 5 in Fighting
  6355 | D:5      | Found a staircase to the Ecumenical Temple.
  6609 | D:5      | Reached XP level 8. HP: 61/62 MP: 9/9
  6613 | D:5      | Reached skill level 6 in Axes
  6802 | D:5      | Found a runed translucent door.
  6803 | D:5      | Noticed Crazy Yiuf
  7101 | Temple   | Entered the Ecumenical Temple
  7304 | D:6      | Noticed Moox's ghost (novice NaWn)
  7305 | D:6      | Found a runed translucent door.
  7363 | D:6      | Noticed Eustachio
  7440 | D:6      | Killed Eustachio
  7603 | D:6      | Reached **** piety under Lugonu
  7741 | D:6      | Noticed Maggie
  8060 | D:6      | Reached skill level 5 in Armour
  8087 | D:6      | Reached skill level 7 in Axes
  8106 | D:6      | Reached XP level 9. HP: 48/69 MP: 11/11
  8295 | D:6      | Killed Maggie
  8298 | D:6      | Identified the +6 quarterstaff "Ogreslayer" {freeze, Dex+3
                  | Stlth+}
  8340 | D:6      | Noticed Dowan
  8347 | D:6      | Noticed Duvessa
  8360 | D:6      | Killed Duvessa
  8370 | D:6      | Killed Dowan
  8919 | D:6      | Reached skill level 8 in Axes
  9086 | D:6      | Found a snail-covered altar of Cheibriados.
  9087 | D:6      | Found a shimmering altar of Xom.
  9244 | D:6      | Found a bloodstained altar of Trog.
  9341 | D:5      | Killed Crazy Yiuf
  9758 | D:4      | Found Tautiuco's General Store.
  9777 | D:4      | Killed Grinder
  9870 | D:7      | Reached XP level 10. HP: 79/79 MP: 13/13
  9925 | D:7      | Found a flagged portal.
  9935 | Bailey   | Entered a bailey
 10183 | Bailey   | Slain by a gnoll

Illustrated notes

Levels and vault maps discovered:
D:1:      ebering_hopf_link, layout_basic
D:2:      layout_loops_corners, shapermc_ecumenical_altar_ellora
D:3:      layout_basic, minmay_misc_feat_four_crosses
D:4:      layout_basic, serial_shops, nicolae_diamond_shop,
          guppyfry_early_lair_pool, uniq_grinder
D:5:      layout_loops_ring, grunt_gozag_statues, minmay_temple_entry_grid,
          nicolae_ossuary_entry_monument, uniq_crazy_yiuf_cottage
D:6:      layout_basic, nicolae_overflow_hidden_temple,
          hellmonk_ghost_happy_afterlife, uniq_eustachio, uniq_duvessa,
          uniq_maggie
D:7:      layout_gridville, serial_shops, shop_fountains, enter_bailey_4,
          minmay_between
Temple:   regret_index_temple_waves
Bailey:   bailey_axe_2, bailey

Skill      XL: |  1  2  3  4  5  6  7  8  9 |
---------------+----------------------------+-----
Axes           | 3 4 5 7 8 |  8.5
Fighting       | 4 5 6 7 |  7.2
Dodging        | 1 2 3 4 |  4.9
Armour         | 3 4 5 6 |  6.2
Invocations    | 4 |  4.6

Action                   |  1- 3 |  4- 6 |  7- 9 | 10-12 || total
-------------------------+-------+-------+-------+-------++-------
Melee: Hand axe          |    78 |   297 |   326 |     7 ||   708
       War axe           |       |       |    11 |    36 ||    47
Invok: Banish            |       |       |       |     2 ||     2
  Use: Scroll            |       |    11 |     5 |     1 ||    17
       Potion            |       |       |     2 |       ||     2
Armor: Leather armour    |    21 |       |       |       ||    21
       Scale mail        |       |   102 |   134 |       ||   236
       Chain mail        |       |       |    44 |    32 ||    76
Dodge: Dodged            |    45 |   129 |   159 |    22 ||   355
